 Dungeon Crawl Stone Soup version 0.27-a0-13-g87abb2d9eb (webtiles) character file.

Game seed: 701349012495789195

70 Dirian the Ruffian (level 4, -4/44 HPs)
             Began as a Troll Monk on Jan 2, 2021.
             Slain by Sigmund
             ... wielding a +0 scythe
              (7 damage)
             ... on level 2 of the Dungeon.
             The game lasted 00:02:20 (644 turns).

Dirian the Ruffian (Troll Monk)                      Turns: 644, Time: 00:02:21

Health: -4/44      AC:  6    Str: 19    XL:     4   Next: 3%
Magic:  3/3        EV: 11    Int:  6    God:
Gold:   54         SH:  0    Dex: 13    Spells: 3/3 levels left

rFire    + . .     SeeInvis .     - Unarmed
rCold    + . .     Faith    .   (no shield)
rNeg     . . .     Spirit   .   a - +0 robe
rPois    +         Reflect  .   (helmet restricted)
rElec    +         Harm     .   (no cloak)
rCorr    +         Rampage  .   (gloves unavailable)
Will     .....                  (boots unavailable)
Stlth    ++........             (no amulet)
HPRegen  0.54/turn              (no ring)
MPRegen  0.08/turn              (no ring)

@: resistant
A: large, unfitting armour, claws 3, regeneration 1, shaggy fur 1, tough skin 3
a: no special abilities


You were on level 2 of the Dungeon.
You visited 1 branch of the dungeon, and saw 2 of its levels.

You collected 54 gold pieces.

Inventory:

Armour
 a - a +0 robe (worn)
 l - a cursed +0 robe
Jewellery
 j - an uncursed ring of magical power {unknown}
Scrolls
 b - 4 scrolls of remove curse {unknown}
 f - 3 scrolls of identify {unknown}
 g - 2 scrolls of amnesia {unknown}
 h - a scroll of teleportation {unknown}
 m - a scroll of enchant armour {unknown}
Potions
 c - a potion of lignification {unknown}
 d - a potion of heal wounds {unknown}
 e - a potion of degeneration {unknown}
 i - a potion of curing {unknown}
 n - a potion of resistance


   Skills:
 + Level 2.9 Fighting
 + Level 3.0 Dodging
 - Level 1.0 Stealth
 + Level 3.9 Unarmed Combat


You had 3 spell levels left.
You didn't know any spells.
Your spell library was empty.

Dungeon Overview and Level Annotations

Branches:
Dungeon (2/15)

Altars:

Annotations:
D:2 Sigmund


Innate Abilities, Weirdness & Mutations

You are too large for most types of armour.
You have claws for hands.
Your natural rate of healing is unusually fast.
You are covered in fur. (AC +1)
You have extremely tough skin. (AC +3)


Message History

The bat barely misses you. Sigmund hits you with a +0 scythe!
* * * LOW HITPOINT WARNING * * *
The worm closely misses you. The rat bites you.
* * * LOW HITPOINT WARNING * * *
Okay, then.
It was a potion of resistance.
You feel protected.
n - a potion of resistance The bat barely misses you.
The rat bites you but does no damage. The worm closely misses you.
The hobgoblin shouts!
You scratch Sigmund.
Sigmund is moderately wounded.
The bat barely misses you. Sigmund hits you with a +0 scythe!
* * * LOW HITPOINT WARNING * * *
The rat bites you but does no damage.
You scratch Sigmund.
Sigmund is heavily wounded.
The bat barely misses you. Sigmund hits you with a +0 scythe!
You die...

#.# ..#### #.## .#...#
. ###..# ### .....##.#
#....###?.. #<......#
###........#
##....######..........#
...........g..........#
#.#.
##...#####...$...w....#
.... ######
#.r@..b..##...
#.@$........#
#........#..#
#..?.......#
............##
#.##..........### . #
#########....#....
##......... #..##......


You could see Sigmund, a worm, a hobgoblin, a bat and a rat.

Vanquished Creatures
  4 adders (D:2)
  A worm (D:2)
  2 dart slugs (D:1)
  4 bats
  4 goblins
  6 hobgoblins
  3 kobolds (D:1)
  A frilled lizard (D:1)
  2 rats (D:1)
27 creatures vanquished.

Notes
Turn   | Place    | Note
-------+----------+-------------------------------------------
     0 | D:1      | Dirian the Troll Monk began the quest for the Orb.
     0 | D:1      | Reached XP level 1. HP: 22/22 MP: 0/0
   158 | D:1      | Reached XP level 2. HP: 29/29 MP: 1/1
   506 | D:2      | Reached XP level 3. HP: 36/36 MP: 2/2
   584 | D:2      | Reached XP level 4. HP: 44/44 MP: 3/3
   630 | D:2      | Noticed Sigmund
   644 | D:2      | Slain by Sigmund

Illustrated notes

Levels and vault maps discovered:
D:1:      shiori_arrival_maze, layout_basic, amcnicky_mini_corridor_feature
D:2:      layout_rooms, uniq_sigmund

Skill      XL: |  1  2  3 |
---------------+----------+-----
Dodging        | 3 |  3.0
Fighting       | |  2.9
Stealth        | |  1.0
Unarmed Combat | |  3.9

Action                   |  1- 3 |  4- 6 || total
-------------------------+-------+-------++-------
Melee: Unarmed           |    61 |    10 ||    71
  Use: Potion            |       |     1 ||     1
 Stab: Sleeping          |     1 |       ||     1
Armor: Robe              |    25 |     5 ||    30
Dodge: Dodged            |    24 |    12 ||    36

Table legend: (Time is in decaauts)
 A = Elapsed time spent in this place.
 B = Non-inter-level travel time spent in this place.
 C = Inter-level travel time spent in this place.
 D = Time resting spent in this place.
 E = Time spent auto-exploring this place.
 F = Levels seen in this place.
 G = Mean time per level.
                   A        B        C        D        E       F      G
               +--------+--------+--------+--------+--------+-----+--------+
         Total |    639 |    622 |     17 |      0 |    456 |   2 |  319.5 |
       Dungeon |    639 |    622 |     17 |      0 |    456 |   2 |  319.5 |
               +--------+--------+--------+--------+--------+-----+--------+

Top non-repeatable levels by time:
     D:1: 480 daAuts
     D:2: 158 daAuts
